 Dungeon Crawl Stone Soup version 0.27-a0-1347-gd8886f0a89 (webtiles) character file.

Game seed: 4959643743275215362

2 Brandom the Sneak (level 1, -1/18 HPs)
             Began as a Human Delver on June 27, 2021.
             Was an Initiate of Qazlal.
             Slain by an adder (4 damage)
             ... on level 3 of the Dungeon.
             The game lasted 00:01:19 (273 turns).

Brandom the Sneak (Human Delver)                     Turns: 273, Time: 00:01:20

Health: -1/18      AC:  3    Str: 12    XL:     1   Next: 44%
Magic:  1/1        EV: 12    Int: 10    God:    Qazlal [......]
Gold:   26         SH:  0    Dex: 14    Spells: 0/0 levels left

rFire    . . .     SeeInvis .   a - +0 mace
rCold    . . .     Faith    .   (no shield)
rNeg     . . .     Spirit   .   b - +0 leather armour
rPois    .         Reflect  .   (no helmet)
rElec    .         Harm     .   (no cloak)
rCorr    .         Rampage  .   (no gloves)
Will     .....                  (no boots)
Stlth    +++.......             (no amulet)
HPRegen  0.06/turn              (no ring)
MPRegen  0.07/turn              (no ring)

@: no status effects
A: no striking features
a: Renounce Religion


You were on level 3 of the Dungeon.
You worshipped Qazlal.
Qazlal was noncommittal.
You visited 1 branch of the dungeon, and saw 3 of its levels.

You collected 26 gold pieces.

Inventory:

Hand Weapons
 a - a +0 mace (weapon)
Armour
 b - a +0 leather armour (worn)
Jewellery
 h - a ring of protection from fire
   (You found it on level 5 of the Dungeon)
Wands
 v - a wand of digging (3)
Scrolls
 c - a scroll of fog
 d - a scroll of magic mapping
 e - a scroll of fear
 g - a scroll of enchant weapon {unknown}
 j - a scroll of identify {unknown}
Potions
 f - a potion of haste {@q3}
 i - a potion of curing {unknown}
 k - a potion of mutation {unknown}


   Skills:
 * Level 3.0 Fighting
 * Level 2.1 Maces & Flails
 + Level 0.0 Armour
 + Level 2.0 Dodging
 - Level 5.0 Stealth
 + Level 0.0 Invocations


You couldn't memorise any spells.
You didn't know any spells.
Your spell library contained the following spells:

 Spells                   Type           Power      Damage    Failure   Level
 Sting                    Tmut/Pois      0%         1d3       43%         1
 Poisonous Vapours        Pois/Air       0%         N/A       58%         2
 Ignite Poison            Fire/Tmut/Pois 0%         N/A       82%         3
 Mephitic Cloud           Conj/Pois/Air  0%         N/A       82%         3
 Olgreb's Toxic Radiance  Pois           0%         N/A       99%         4


Dungeon Overview and Level Annotations

Branches:
Dungeon (5/15)
 Temple: D:4-7

Altars:
Qazlal


Message History

Unknown command.
No target in view!
You start resting.
An endoplasm comes into view.
You see here a lumpy purple potion.
k - a lumpy purple potion You now have 26 gold pieces (gained 14).
Found a stone staircase leading up.
There is a stone staircase leading up here.
You climb upwards.
There is a stone staircase leading down here.
A ball python comes into view.
You barely miss the ball python.
The ball python hisses angrily.
The ball python bites you. The ball python grabs you.
The ball python constricts you. The ball python bites you.
The ball python constricts you.
You hit the ball python.
The ball python bites you but does no damage.
The ball python constricts you.
You barely miss the ball python.
The ball python bites you but does no damage.
The ball python constricts you. The ball python barely misses you.
The ball python constricts you.
You hit the ball python.
You kill the ball python!
Qazlal accepts your kill.
No target in view!
No target in view!
An adder comes into view.
You see here a ball python corpse.
You closely miss the adder.
The adder hisses angrily.
The adder closely misses you. The adder bites you but does no damage.
You barely miss the adder. The adder barely misses you.
You closely miss the adder. The adder misses you. The adder closely misses you.
You miss the adder. The adder bites you. x2
You barely miss the adder. The adder bites you but does no damage.
You closely miss the adder. The adder bites you but does no damage.
The adder bites you.
* * * LOW HITPOINT WARNING * * *
Okay, then.
You miss the adder. The adder bites you.
* * * LOW HITPOINT WARNING * * *
The adder bites you.
* * * LOW HITPOINT WARNING * * *
You barely miss the adder. The adder closely misses you.
Unknown command.
You sock the adder! The adder barely misses you. The adder bites you.
You die...

#. #. ########## #.
#.†......###
#.####.######@..#
#...##.#....S...#
..###...#.#.####...#
............# #..##
..###.>.#.### #...
##.##S# #.... #....#
##### ######


You could see an adder.

Vanquished Creatures
  2 ball pythons
2 creatures vanquished.

Notes
Turn   | Place    | Note
-------+----------+-------------------------------------------
     0 | D:5      | Brandom the Human Delver began the quest for the Orb.
     0 | D:5      | Reached XP level 1. HP: 18/18 MP: 1/1
    20 | D:5      | Found a stormy altar of Qazlal.
    22 | D:5      | Noticed an air elemental
    23 | D:5      | Noticed an earth elemental
    23 | D:5      | Noticed a fire elemental
    23 | D:5      | Noticed a water elemental
    28 | D:5      | Became a worshipper of Qazlal Stormbringer
    82 | D:5      | Noticed a lemure
   273 | D:3      | Slain by an adder

Illustrated notes

Levels and vault maps discovered:
D:3:      minmay_bubble_buster, layout_loops_ring, serial_shops,
          nicolae_lakefront_shop
D:4:      minmay_wonky_spiral, layout_gridville, tso_oasis_becter,
          uniq_crazy_yiuf_cottage
D:5:      layout_basic, nicolae_qazlal_style_of_elements,
          minmay_temple_entry_proselytizer, uniq_pikel

Action                   || total
-------------------------++-------
Melee: Mace              ||    16
Armor: Leather armour    ||     6
Dodge: Dodged            ||     9

Table legend: (Time is in decaauts)
 A = Elapsed time spent in this place.
 B = Non-inter-level travel time spent in this place.
 C = Inter-level travel time spent in this place.
 D = Time resting spent in this place.
 E = Time spent auto-exploring this place.
 F = Levels seen in this place.
 G = Mean time per level.
                   A        B        C        D        E       F      G
               +--------+--------+--------+--------+--------+-----+--------+
         Total |    276 |    276 |      0 |     49 |    132 |   3 |   92.0 |
       Dungeon |    276 |    276 |      0 |     49 |    132 |   3 |   92.0 |
               +--------+--------+--------+--------+--------+-----+--------+

Top non-repeatable levels by time:
     D:5: 146 daAuts
     D:4: 76 daAuts
     D:3: 54 daAuts
